Description

this build is a +1 timing off of 2 bases. getting hellions to harrass while dropping widowmines in the base follwoing up with a +1 attack if it doesnt win and protoss is on 3 bases just macro up and defend and keep playing if it stalemates in a 2v2 eco then can try to expand out from that follow up with liberators

Build Order

Get SALT Encoding   

  14  0:20  Supply Depot  
  15  0:30  Refinery  
  16  0:50  Barracks  
  17  0:53  Action  scout
  19  1:40  Reaper  
  20  1:48  Command Center  
  20  1:59  Factory  
  21  2:08  Barracks Reactor  
  22  2:15  Supply Depot  
  22  2:21  Refinery  
  24  2:45  Starport  
  24  2:47  Action  switch fact and rax
  25  2:55  Hellion x2  
  29  2:56   Barracks Tech Lab  
  31  3:16  Widow Mine x2  
  36  3:27  Medivac  
  40  3:40  Widow Mine x2  
  44  3:52  Bunker  
  45  3:55  Viking  
  48  4:00  Action  swap fact and rax
  54  4:09  Siege Tank  
  54  4:28  Starport Tech Lab  
  58  4:53  Siege Tank  
  63  5:00  Barracks x2  
  63  5:01  Engineering Bay  
  63  5:02  Refinery x2  
  63  5:10   Raven  
  64  5:42  Action  lift factory and move to make a reactor widowmine production
  64  5:55  Action  lift starport while both rax float to the tech labs
  73  6:21  Stimpack, Combat Shield  start murader production
  73  6:23  Starport Reactor  4 and 5 rax when you can afford
  85  6:45  Barracks x2  
  85  7:40  Concussive Shells  
  85  7:45  Action  move out with +1 finishes and stim/combat
Spawning Tool Build Advisor. Get it on Overwolf

Go to:

Details

  • Created by: realgravity620
  • Published on: Jun 28, 2019
  • Modified on: Jun 28, 2019
  • Patch: 4.7.1
Show
View Real Time Build Order
Export as new Build Order

Comments (2)

On July 27, 2019, 8:44 a.m., cylon86  said:

and you also forgot the 3rd supply
and why building a bunker if we have nothing to put in it?

On July 27, 2019, 8:11 a.m., cylon86  said:

There is no mention of the Orbital Center timing.. after the 1st rack right?

Create an account to comment!